AoeStats
← Dude

MegaRandom

504708940Analyzed
3v3 RM · 26d ago on Sep 6, 2026· 74m 27s· 6 players
Game mode
Random Map
Map size
Normal (6 player)
Population
200
Speed
Normal
Resources
Standard
Victory
Conquest
Starting age
Dark Age
Ending age
Imperial Age
RankedLock teamsTeams togetherTeam positionsShared explorationLock speedFull tech treeHidden civsTurbo modeCheats
Victory
Defeat
🇺🇸 Huns · United States
691
+10
🇺🇸 Byzantines · United States
690
+10
🇺🇸 Britons · United States
624
+12
🇦🇺 Wei · Australia
593
-12
🇪🇸 Teutons · Spain
540
-10
🇬🇧 Vietnamese · United Kingdom
536
-10
Vanillasainza
14:42 Feudal Age
15:42 Double-Bit Axe
16:27 Gold Mining
17:44 Loom
17:58 Stone Mining
21:55 Horse Collar
25:52 Castle Age
28:53 Bow Saw
28:45 Squires
28:08 Pikeman
32:01 Wheelbarrow
38:33 Imperial Age
47:07 Conscription
47:40 Cavalier
49:00 Fletching
49:28 Bloodlines
51:09 Bodkin Arrow
51:01 Elite Skirmisher
53:03 Imperial Skirmisher
53:07 Halberdier
56:28 Chemistry
55:48 Ballistics
FROOTY
10:00 Feudal Age
14:08 Wheelbarrow
14:10 Town Watch
14:27 Horse Collar
21:44 Double-Bit Axe
26:33 Castle Age
24:34 Stone Mining
24:34 Gold Mining
29:48 Hand Cart
30:29 Man-at-Arms
keirandwyer
3:03 Loom
15:02 Feudal Age
17:24 Double-Bit Axe
19:32 Fishing Lines
20:10 Fletching
21:19 Wheelbarrow
21:43 Horse Collar
21:55 Gold Mining
21:56 Stone Mining
27:45 Castle Age
28:21 Bodkin Arrow
29:18 Bow Saw
29:43 Caravan
33:37 Forging
33:28 Scale Mail Armor
33:33 Scale Barding Armor
33:30 Padded Archer Armor
39:06 Imperial Age
38:35 Iron Casting
38:22 Chain Barding Armor
38:18 Chain Mail Armor
38:19 Leather Archer Armor
40:24 Gillnets
41:29 Conscription
40:31 Elite Tiger Cavalry
42:26 Gold Shaft Mining
43:30 Ballistics
43:05 Murder Holes
44:11 Chemistry
48:16 Ring Archer Armor
48:47 Blast Furnace
47:49 Bracer
48:39 Hand Cart
Dude
12:15 Feudal Age
11:01 Loom
12:45 Horse Collar
13:19 Double-Bit Axe
17:31 Wheelbarrow
19:39 Castle Age
21:05 Gold Mining
21:07 Stone Mining
22:34 Hand Cart
23:31 Forging
23:35 Scale Barding Armor
23:44 Heavy Plow
25:59 Iron Casting
29:31 Chain Barding Armor
32:20 Bow Saw
34:50 Imperial Age
35:06 Elite Tarkan
41:34 Plate Barding Armor
41:59 Blast Furnace
50:18 Two-Man Saw
53:22 Gold Shaft Mining
60:55 Husbandry
61:06 Bloodlines
Aaroeus
12:57 Feudal Age
13:57 Double-Bit Axe
14:57 Wheelbarrow
16:13 Padded Archer Armor
19:48 Gold Mining
20:23 Man-at-Arms
26:06 Castle Age
24:43 Stone Mining
26:05 Town Watch
27:08 Bow Saw
28:13 Fletching
36:26 Gold Shaft Mining
35:39 Horse Collar
35:53 Pikeman
35:55 Long Swordsman
37:14 Hand Cart
38:12 Yeomen
38:11 Leather Archer Armor
37:51 Bodkin Arrow
38:09 Forging
38:01 Scale Mail Armor
42:40 Imperial Age
41:38 Iron Casting
41:20 Chain Mail Armor
41:00 Gambesons
41:17 Squires
41:48 Arson
44:46 Ballistics
47:50 Elite Longbowman
50:29 Two-Handed Swordsman
59:15 Blast Furnace
58:46 Plate Mail Armor
58:46 Ring Archer Armor
58:17 Bracer
58:33 Onager
73:10 Conscription
75:05 Chemistry
Bread_Weasel
7:16 Loom
12:43 Feudal Age
14:16 Double-Bit Axe
15:21 Horse Collar
22:22 Fletching
22:32 Padded Archer Armor
25:31 Castle Age
27:32 Bodkin Arrow
27:47 Thumb Ring
28:10 Heavy Plow
28:22 Bow Saw
28:04 Gold Mining
28:28 Crossbowman
30:30 Leather Archer Armor
38:01 Pikeman
38:45 Squires
39:04 Forging
38:55 Scale Mail Armor
41:08 Arson
45:56 Imperial Age
45:36 Iron Casting
45:18 Chain Mail Armor
44:56 Gambesons
47:11 Arbalester
51:27 Man-at-Arms
54:38 Gold Shaft Mining
53:54 Halberdier
55:52 Capped Ram
58:02 Conscription
61:57 Siege Ram
63:39 Bracer
64:10 Ring Archer Armor
72:24 Ballistics
73:05 Chemistry
72:06 Murder Holes
72:06 Guard Tower
72:02 Arrowslits
75:07 Logistica
75:01 Greek Fire
Connection lost

Rejoining the realm…

Still unreachable

The connection could not be restored.

Session expired

The server has moved on; the page needs a fresh start.